 Dungeon Crawl Stone Soup version 0.19.0-24-gb05acd6 (console) character file.

3597 HarryHood the Basher (level 9, 0/85 HPs)
             Began as a Minotaur Berserker on Nov 19, 2016.
             Was a High Priest of Trog.
             Slain by an orc warrior
             ... wielding a +0 glaive
              (18 damage)
             ... on level 7 of the Dungeon on Nov 20, 2016.
             The game lasted 00:47:02 (7272 turns).

HarryHood the Basher (Minotaur Berserker)           Turns: 7272, Time: 00:47:03

Health: 0/85       AC: 12    Str: 23    XL:     9   Next: 85%
Magic:  2/2        EV: 12    Int:  4    God:    Trog [*****.]
Gold:   372        SH:  0    Dex: 12    Spells: 0 memorised, 8 levels left

rFire  . . .     SeeInvis .     F - +1 dire flail (antimagic)
rCold  + . .     Gourm    +     q - +0 scale mail
rNeg   + . .     Faith    .     (shield currently unavailable)
rPois  .         Spirit   .     (helmet restricted)
rElec  .         Reflect  .     (no cloak)
rCorr  .         Harm     .     g - +1 pair of gloves
MR     .....                    C - +0 pair of boots
Stlth  ..........               n - amulet of the gourmand
                                B - ring of protection from cold
                                d - ring of positive energy

@: no status effects
A: retaliatory headbutt, horns 2
a: Berserk, Trog's Hand, Brothers in Arms, Burn Spellbooks, Renounce Religion


You were on level 7 of the Dungeon.
You worshipped Trog.
Trog was extremely pleased with you.
You were completely stuffed.

You visited 2 branches of the dungeon, and saw 8 of its levels.

You collected 372 gold pieces.

Inventory:

Hand Weapons
 s - a +1 flail of protection
 F - a +1 antimagic dire flail (weapon)
Missiles
 j - 380 stones (quivered)
Armour
 g - a +1 pair of gloves (worn)
 q - a +0 scale mail (worn)
 C - a +0 pair of boots (worn)
Jewellery
 d - a ring of positive energy (left hand)
 n - an amulet of the gourmand (around neck)
 B - a ring of protection from cold (right hand)
Wands
 o - a wand of flame (33/48)
 y - a wand of lightning (10/15)
 D - a wand of teleportation (4/9)
Scrolls
 b - 2 scrolls of enchant weapon
 e - 2 scrolls of magic mapping
 u - 2 scrolls of teleportation
 w - a scroll of enchant armour
 z - 2 scrolls of remove curse
 A - 4 scrolls of identify
Potions
 a - 2 potions of berserk rage {unknown}
 k - 2 potions of might
 l - 2 potions of resistance
 m - 2 potions of magic
 t - a potion of haste
 v - 3 potions of brilliance
 x - a potion of curing
Comestibles
 c - 6 bread rations
 f - a chunk of flesh
 h - 5 meat rations
 i - a beef jerky
 p - 8 fruits
 r - 2 slices of pizza
 E - a royal jelly


   Skills:
 - Level 9.9 Fighting
 * Level 10.2 Maces & Flails
 - Level 10.0 Armour
 + Level 4.1 Dodging


You had 8 spell levels left.
You didn't know any spells.

Dungeon Overview and Level Annotations

Branches:
Dungeon (7/15)             Temple (1/1) D:5

Altars:
Gozag
Kikubaaqudgha
Nemelex Xobeh
Ru
Uskayaw
Vehumet


Innate Abilities, Weirdness & Mutations

You reflexively headbutt those who attack you in melee.
You have a pair of horns on your head.


Message History

Things that are here:
a hand axe of freezing; an orc corpse The leopard gecko hisses angrily.
You hit the orc warrior. You headbutt the orc warrior!
The orc warrior is heavily wounded.
The orc warrior hits you with a glaive! The orc warrior hits you with a glaive!
The orc hits you but does no damage.
Things that are here:
a hand axe of freezing; an orc corpse You hit the orc warrior but do no damage.
The orc warrior is heavily wounded.
The orc warrior hits you with a glaive!!
* * * LOW HITPOINT WARNING * * *
You are too injured to fight recklessly!
You hit the orc warrior. You headbutt the orc warrior.
The orc warrior is severely wounded.
The orc hits you with a flail.
* * * LOW HITPOINT WARNING * * *
The orc warrior hits you from afar with a glaive!!
You die...

.#######..########.####
#..## #..## #⌠ ##...#
##..# . #.
#..#.#########.# .. ⌠.
##.##.......###.## #.#.
#..########.[.....
#..o. #.## #####...
#.#o#####)# ....
##.....#o)@# ....
#......oo### #.#..
#.........# #. ..
#.........# .. ..
#........... ..
#...........#
#...........#
#.........#.#
#.........#.#


You could see an orc warrior and 2 orcs.

Vanquished Creatures
  Pikel (D:6)
  Sigmund (D:6)
  The ghost of Snicker the Sneak, an amateur DsAs (D:4)
  Menkaure (D:4)
  The ghost of Placid the Shooter, an amateur TeHu (D:3)
  A water moccasin (D:7)
  An ice beast (D:6)
  2 sky beasts
  An orc warrior (D:6)
  5 ogres
  2 centaurs
  A big kobold (D:6)
  3 bullfrogs (D:6)
  2 scorpions
  4 wights (D:6)
  An electric eel (D:6)
  2 bullfrog zombies (D:6)
  6 hounds
  3 orc priests
  5 orc wizards
  A bullfrog skeleton (D:7)
  2 iguanas (D:6)
  5 worker ants
  A worker ant zombie (D:5)
  Robin (D:4)
  8 gnolls
  9 adders
  2 shadow imps
  2 oozes
  An adder skeleton (D:3)
  5 worms
  A dart slug (D:1)
  2 leopard geckos
  30 orcs
  4 bats
  6 giant cockroaches
  13 goblins
  16 hobgoblins
  11 jackals
  5 quokkas
  3 ball pythons
  4 frilled lizards
  41 kobolds
  A leopard gecko zombie (D:5)
  A quokka skeleton (D:5)
  8 rats
227 creatures vanquished.

Vanquished Creatures (others)
  A slave (D:6)
  A phantom (D:6)
  An electric eel (D:6)
  A hound (D:6)
  A giant cockroach (D:6)
  2 kobolds (D:6)
7 creatures vanquished.

Grand Total: 234 creatures vanquished

Notes
Turn   | Place    | Note
-------+----------+-------------------------------------------
     0 | D:1      | HarryHood the Minotaur Berserker began the quest for the Orb.
     0 | D:1      | Reached XP level 1. HP: 19/19 MP: 0/0
    95 | D:1      | Reached XP level 2. HP: 24/26 MP: 1/1
   645 | D:1      | Found a hide-covered altar of Uskayaw.
   723 | D:2      | Reached skill level 5 in Maces & Flails
   723 | D:2      | Reached XP level 3. HP: 31/31 MP: 2/2
   857 | D:2      | Reached ** piety under Trog
  1094 | D:2      | Found an opulent altar of Gozag.
  1565 | D:2      | Reached XP level 4. HP: 39/39 MP: 3/3
  1955 | D:3      | Noticed Placid's ghost (amateur TeHu)
  1975 | D:3      | Killed Placid's ghost
  1975 | D:3      | Reached skill level 5 in Armour
  1975 | D:3      | Reached XP level 5. HP: 27/45 MP: 4/4
  2151 | D:3      | Noticed an ogre
  2163 | D:3      | Killed an ogre
  2163 | D:3      | Reached XP level 6. HP: 51/51 MP: 5/5
  2369 | D:3      | Reached *** piety under Trog
  2829 | D:4      | Found a sparkling altar of Nemelex Xobeh.
  2913 | D:4      | Noticed Robin
  2926 | D:4      | Killed Robin
  2930 | D:4      | Reached skill level 5 in Fighting
  3007 | D:4      | Noticed Menkaure
  3017 | D:4      | Killed Menkaure
  3017 | D:4      | Reached XP level 7. HP: 22/64 MP: 6/6
  3123 | D:4      | HP: 4/96 [ogre/giant spiked club (3)]
  3134 | D:4      | HP: 3/64 [jackal (2)]
  3302 | D:4      | Noticed Snicker's ghost (amateur DsAs)
  3346 | D:4      | Killed Snicker's ghost
  3441 | D:4      | Upgraded the game from 0.19.0-22-gd96e5fe to 0.19.0-24-gb05acd6
  3485 | D:4      | Reached **** piety under Trog
  3636 | D:4      | Reached XP level 8. HP: 71/71 MP: 7/7
  3878 | D:5      | Entered Level 5 of the Dungeon
  4551 | D:5      | Found a staircase to the Ecumenical Temple.
  4562 | Temple   | Entered the Ecumenical Temple
  4875 | D:6      | Reached ***** piety under Trog
  5244 | D:6      | Reached skill level 10 in Armour
  5418 | D:6      | Found a sacrificial altar of Ru.
  5481 | D:6      | Reached XP level 9. HP: 72/79 MP: 8/8
  5767 | D:6      | Noticed Pikel
  5777 | D:6      | Killed Pikel
  6506 | D:6      | Received a gift from Trog
  6705 | D:6      | Noticed Sigmund
  6733 | D:6      | Killed Sigmund
  7221 | D:7      | Reached skill level 10 in Maces & Flails
  7272 | D:7      | Slain by an orc warrior

Skill      XL: |  1  2  3  4  5  6  7  8  9 |
---------------+----------------------------+-----
Maces & Flails | 4 5 6 8 9 10 | 10.2
Armour         | 5 6 10 | 10.0
Fighting       | 6 7 9 |  9.9
Dodging        | 4 |  4.1

Action                   |  1- 3 |  4- 6 |  7- 9 || total
-------------------------+-------+-------+-------++-------
Melee: Mace              |    83 |   165 |   315 ||   563
       Headbutt          |     5 |    33 |    92 ||   130
       Dire flail        |       |       |    75 ||    75
Invok: Berserk           |       |     1 |     3 ||     4
       Burn Spellbooks   |       |       |     3 ||     3
  Use: Scroll            |       |    14 |     4 ||    18
       Potion            |       |     1 |       ||     1
  Eat: Chunk             |     2 |     6 |    42 ||    50
Armor: Animal skin       |     7 |       |       ||     7
       Ring mail         |    19 |    68 |   141 ||   228
       Scale mail        |       |       |    12 ||    12
Dodge: Dodged            |    54 |    60 |   225 ||   339
